 Dungeon Crawl Stone Soup version 0.28.0-53-g5a82cb258f (webtiles) character file.

Game seed: 7756850612572106680

33 melloss the Sneak (level 3, -6/18 HPs)
             Began as a Spriggan Brigand on June 2, 2022.
             Mangled by Sigmund
             ... wielding a +0 scythe
              (13 damage)
             ... on level 2 of the Dungeon.
             The game lasted 00:04:20 (1302 turns).

melloss the Sneak (Spriggan Brigand)                Turns: 1302, Time: 00:04:21

Health: -6/18      AC:  3    Str:  7    XL:     3   Next: 12%
Magic:  4/4        EV: 17    Int: 14    God:
Gold:   0          SH:  0    Dex: 16    Spells: 2/2 levels left

rFire   . . .      SeeInvis +   h - +2 whip (elec)
rCold   . . .      Faith    .   (no shield)
rNeg    . . .      Spirit   .   b - +0 robe
rPois   .          Reflect  .   (helmet restricted)
rElec   .          Harm     .   c - +0 cloak
rCorr   .          Rampage  .   (gloves unavailable)
Will    .....                   (boots unavailable)
Stlth   +++.......              (no amulet)
HPRegen 0.06/turn               (no ring)
MPRegen 0.09/turn               (no ring)

@: very quick
A: very small, no large weapons, unfitting armour, see invisible, speed 3
a: no special abilities


You were on level 2 of the Dungeon.
You visited 1 branch of the dungeon, and saw 2 of its levels.

Inventory:

Hand Weapons
 a - a +2 dagger
 h - a +2 whip of electrocution (weapon)
Missiles
 d - 13 poisoned darts (quivered)
 e - 2 curare-tipped darts
Armour
 b - a +0 robe (worn)
 c - a +0 cloak (worn)
Scrolls
 f - 2 scrolls of noise {unknown}
 g - a scroll of vulnerability {unknown}
 j - 2 scrolls of enchant weapon {unknown}
 k - a scroll of immolation {unknown}
 l - a scroll of teleportation {unknown}
Potions
 i - a potion of curing {unknown}


   Skills:
 - Level 1.5 Fighting
 - Level 2.1 Short Blades
 - Level 2.0 Throwing
 + Level 3.1 Dodging
 + Level 6.8 Stealth


You had 2 spell levels left.
You didn't know any spells.
Your spell library contained the following spells:

 Spells                   Type           Power      Damage    Failure   Level
 Ignite Poison            Fire/Tmut/Pois 0%         N/A       65%         3
 Mephitic Cloud           Conj/Pois/Air  0%         N/A       65%         3
 Freezing Cloud           Conj/Ice/Air   0%         6-21      100%        5


Dungeon Overview and Level Annotations

Branches:
Dungeon (2/15)

Altars:

Annotations:
D:2 Sigmund


Innate Abilities, Weirdness & Mutations

You are very small and have problems with some larger weapons.
You are too small for most types of armour.
You have supernaturally acute eyesight. (SInv)
You cover ground extremely quickly. (Speed+++)


Message History

The adder is heavily wounded.
The adder closely misses you.
You closely miss the phantom. The adder bites you but does no damage.
The phantom barely misses you. The adder misses you.
You barely miss the phantom. The phantom hits you! The adder bites you.
* * * LOW HITPOINT WARNING * * *
There is a stone staircase leading up here.
The adder bites you.
* * * LOW HITPOINT WARNING * * *
You climb upwards.
There is a stone staircase leading down here.
You start resting.
HP restored.
There is a stone staircase leading down here.
There is a stone staircase leading down here.
You climb downwards.
Found a leather armour.
There is a stone staircase leading up here.
Found a scale mail.
Sigmund the Dreaded comes into view.
He is wielding a +0 scythe.
A phantom comes into view.
Sigmund shouts!
Sigmund barely misses you.
You hit Sigmund.
Sigmund is lightly wounded.
You barely miss Sigmund.
Sigmund is lightly wounded.
Sigmund barely misses you.
You barely miss Sigmund.
Sigmund is lightly wounded.
Sigmund points at you and mumbles some strange words.
The puff of flame hits you!
You closely miss Sigmund.
Sigmund is lightly wounded.
Sigmund says, "You will soon forget everything."
Sigmund casts a spell at you. The magic dart hits you.
Sigmund hits you from afar with a +0 scythe!
Ouch! That really hurt!
You die...

#.##
#....###########
#@.@......<#
#......W[..####
#.............#
#.......[...#.#
#...........# #
#..........##
#..........#
############


You could see Sigmund and a phantom.

Vanquished Creatures
  2 endoplasms (D:1)
  A giant cockroach (D:1)
  2 hobgoblins (D:1)
  A jackal (D:1)
  4 kobolds (D:1)
  3 ball pythons (D:1)
  7 bats (D:1)
  2 frilled lizards (D:1)
  4 goblins (D:1)
  6 rats (D:1)
32 creatures vanquished.

Notes
Turn   | Place    | Note
-------+----------+-------------------------------------------
     0 | D:1      | melloss the Spriggan Brigand began the quest for the Orb.
     0 | D:1      | Reached XP level 1. HP: 10/10 MP: 2/2
    62 | D:1      | Reached skill level 6 in Stealth
    94 | D:1      | Reached XP level 2. HP: 2/14 MP: 3/3
   828 | D:1      | Reached XP level 3. HP: 18/18 MP: 4/4
  1024 | D:2      | Noticed a phantom
  1291 | D:2      | Noticed Sigmund
  1293 | D:2      | Noticed a phantom
  1302 | D:2      | Mangled by Sigmund

Illustrated notes

Levels and vault maps discovered:
D:1:      dpeg_arrival_court, layout_loops_ring, minmay_quantized
D:2:      layout_basic, basic_ecumenical_altar, basic_altar, uniq_terence,
          uniq_sigmund

Skill      XL: |  1  2 |
---------------+-------+-----
Stealth        | 6 |  6.8
Dodging        | 2 3 |  3.1
Fighting       | |  1.5
Short Blades   | |  2.1
Throwing       | |  2.0

Action                   || total
-------------------------++-------
Melee: Dagger            ||    46
       Punch             ||     1
       Whip              ||    52
 Stab: Sleeping          ||    12
Armor: Robe              ||    20
Dodge: Dodged            ||    68
